 Dungeon Crawl Stone Soup version 0.32-a0-986-ga09f62fbf4 (webtiles) character file.

Game seed: 9652832321369618684

525 GiantSquids the Changeling (level 7, -2/43 HPs)
             Began as an Octopode Shapeshifter on Apr 22, 2024.
             Slain by Pargi (6 damage)
             ... on level 4 of the Dungeon.
             The game lasted 00:07:14 (3048 turns).

GiantSquids the Changeling (Octopode Shapeshifter)  Turns: 3048, Time: 00:07:15

Health: -2/43      AC:  1    Str: 15    XL:     7   Next: 22%
Magic:  7/7        EV: 12    Int: 12    God:
Gold:   129        SH:  5    Dex: 12    Spells: 6/6 levels left

rFire   . . .        h - +1 whip (flame)
rCold   . . .        (no shield)
rNeg    . . .        (helmet currently unavailable)
rPois   .            C - amulet of reflection
rElec   .            (no ring)
rCorr   .            (no ring)
SInv    .            (no ring)
Will    .....        (no ring)
Stlth   +++          (no ring)
HPRegen 0.27/turn    (no ring)
MPRegen 0.10/turn    (no ring)
                     (no ring)

%: reflection
@: beast-form
A: beast (slay +4), almost no armour, amphibious, 8 rings, camouflage 1,
gelatinous body 1, (nimble swimmer 1), tentacles
a: Begin Untransformation


You were on level 4 of the Dungeon.
You were a hulking beast.
You visited 1 branch of the dungeon, and saw 4 of its levels.

You collected 129 gold pieces.

Inventory:

Hand Weapons
 h - a +1 whip of flaming (weapon)
Jewellery
 o - a ring of flight
 C - an amulet of reflection (around mantle)
Talismans
 b - a beast talisman (active)
 c - a flux talisman
 y - a blade talisman
Wands
 x - a wand of polymorph (8)
 D - a wand of quicksilver (11)
Scrolls
 f - 2 scrolls of enchant weapon {unknown}
 j - 7 scrolls of identify {unknown}
 k - a scroll of teleportation {unknown}
 m - a scroll of torment {unknown}
 n - a scroll of acquirement {unknown}
 p - a scroll of enchant armour {unknown}
 s - a scroll of fog {unknown}
 z - a scroll of fear {unknown}
 A - a scroll of amnesia {unknown}
 B - 2 scrolls of revelation {unknown}
Potions
 a - a potion of lignification
 d - a potion of curing {unknown}
 e - a potion of invisibility {unknown}
 g - a potion of mutation {unknown}
 i - a potion of enlightenment {unknown}
 l - a potion of degeneration {unknown}
 q - a potion of berserk rage {unknown}
 r - a potion of heal wounds {unknown}
 t - a potion of haste {unknown}
 u - a potion of cancellation {unknown}
 v - a potion of might {unknown}
 w - a potion of attraction {unknown}


   Skills:
 - Level 1.0 Fighting
 - Level 2.0 Dodging
 - Level 3.5 Stealth
 - Level 3.0 Unarmed Combat
 * Level 7.0 Shapeshifting


You had 6 spell levels left.
You didn't know any spells.
Your spell library contained the following spells:

 Spells                   Type           Power      Damage    Failure   Level
 Frozen Ramparts          Ice            0%         1d1       69%         3
 Ozocubu's Armour         Ice            0%         N/A       69%         3
 Metabolic Englaciation   Hex/Ice        0%         N/A       100%        5


Dungeon Overview and Level Annotations

Branches:
Dungeon (4/15)
 Temple: D:4-7

Altars:
Ashenzari

Shops:
D:2 *[[

Annotations:
D:4 Pargi, Pikel


Innate Abilities, Weirdness & Mutations

You are a hulking beast.
Your limbs bulge with bestial killing power. (Slay +4)
You cannot wear most types of armour.
You are amphibious.
You can wear up to eight rings at the same time.
Your skin changes colour to match your surroundings (Stealth+).
Your rubbery body absorbs attacks. (AC +1, EV +1)
((You are camouflaged when in or above water. (Stealth+)))
You have tentacles for arms and can constrict up to eight enemies at once.


Message History

You closely miss Pargi.
Pargi is moderately wounded.
Pargi bites you! Pargi barely misses you. Pargi claws you.
The gnoll bouda barks out a call to the hunt!
You hear a shout!
You closely miss Pargi. Your squeeze misses Pargi.
Pargi is moderately wounded.
Pargi closely misses you. You block Pargi's attack.
Pargi claws you but does no damage.
You hit Pargi. You burn Pargi.
Pargi is heavily wounded.
Pargi bites you. Pargi claws you. Pargi barely misses you.
The gnoll bouda barks out a call to the hunt!
You barely miss Pargi.
Pargi is heavily wounded.
Pargi barely misses you. x2; You block Pargi's attack.
A gnoll comes into view. It is wielding a +0 whip.
A gnoll comes into view. It is wielding a +0 flail.
You closely miss Pargi. You squeeze Pargi.
Pargi is heavily wounded.
You block Pargi's attack. Pargi barely misses you. Pargi claws you.
Pargi bites you. Pargi closely misses you. x2
You barely miss Pargi. Your squeeze misses Pargi.
Pargi is heavily wounded.
A gnoll comes into view. It is wielding a +0 halberd.
Pargi bites you. Pargi claws you.
* * * LOW HITPOINT WARNING * * *
You block Pargi's attack. The gnoll bouda misses you.
You whack Pargi! You burn Pargi. Your squeeze misses Pargi.
Pargi is severely wounded.
Pargi bites you!
* * * LOW HITPOINT WARNING * * *
Pargi barely misses you. Pargi claws you.
* * * LOW HITPOINT WARNING * * *
A gnoll comes into view. It is wielding a +0 spear.
The gnoll bouda completely misses you.
You hit Pargi. You burn Pargi. Your squeeze misses Pargi.
Pargi is almost dead.
The gnoll barely misses you. Pargi bites you.
You die...

#....#.##.###.#...#
#####......##.......#.#
.........#.######.#...#
###.##.##... ...##.## .
#.############.# #.#
#)# ##'## #.# ##...##
####.### #.gh..#
#....... #..gT...#
#.#####. #g........# #.
#. g.'.g.......+ .. #.
###.........### #.
##.......## #.
##.....## .. ##...##
### ###+###


You could see Pargi, a gnoll bouda and 4 gnolls.

Vanquished Creatures
  Sigmund (D:3)
  A phantom (D:4)
  A lemure (D:4)
  Ijyb (D:4)
  A sleepcap (D:4)
  An orc wizard (D:3)
  A gnoll (D:1)
  10 adders
  6 dart slugs
  3 ribbon worms
  4 orcs
  7 endoplasms
  3 giant cockroaches
  8 goblins
  9 hobgoblins
  12 kobolds
  3 quokkas (D:1)
  10 ball pythons
  5 bats
  2 frilled lizards
  5 rats
94 creatures vanquished.

Notes
Turn   | Place    | Note
-------+----------+-------------------------------------------
     0 | D:1      | GiantSquids the Octopode Shapeshifter began the quest for
                  | the Orb.
     0 | D:1      | Reached XP level 1. HP: 13/13 MP: 1/1
   138 | D:1      | Reached skill level 1 in Stealth
   141 | D:1      | Reached XP level 2. HP: 15/18 MP: 2/2
   406 | D:1      | Reached XP level 3. HP: 21/23 MP: 3/3
  1047 | D:2      | Reached skill level 4 in Shapeshifting
  1110 | D:2      | Reached XP level 4. HP: 28/28 MP: 4/4
  1452 | D:2      | Found Imaichiu's Assorted Antiques.
  1470 | D:2      | Found Kiode's Armour Emporium.
  1508 | D:2      | Found Cula's Antique Armour Boutique.
  1582 | D:2      | Found a broken altar of Ashenzari.
  1764 | D:2      | Reached XP level 5. HP: 29/33 MP: 5/5
  2091 | D:3      | Reached skill level 5 in Shapeshifting
  2431 | D:3      | Noticed Sigmund
  2470 | D:3      | Killed Sigmund
  2471 | D:3      | Reached skill level 6 in Shapeshifting
  2471 | D:3      | Reached XP level 6. HP: 38/38 MP: 6/6
  2568 | D:4      | Noticed Ijyb
  2577 | D:4      | Killed Ijyb
  2618 | D:4      | Reached XP level 7. HP: 23/43 MP: 7/7
  2896 | D:4      | Reached skill level 7 in Shapeshifting
  2932 | D:4      | Noticed Pikel
  3035 | D:4      | Noticed Pargi
  3048 | D:4      | Slain by Pargi

Illustrated notes

Levels and vault maps discovered:
D:1:      zaba_arrival_water, layout_basic, hangedman_feature_mirror
D:2:      layout_loops_ring, basic_altar, serial_shops,
          nicolae_shop_real_fake_doors, nicolae_shop_back_alley_shop,
          nicolae_diamond_shop, minmay_fractal_squares_5
D:3:      layout_rooms, uniq_sigmund
D:4:      layout_loops_corners, portal_sewer_entry_b, hangedman_minor_gate_pass,
          uniq_ijyb, uniq_edmund, uniq_pikel, uniq_pargi

Skill      XL: |  1  2  3  4  5  6  7 |
---------------+----------------------+-----
Stealth        | 1 2 3 |  3.5
Shapeshifting  | 4 6 7 |  7.0
Fighting       | |  1.0
Dodging        | |  2.0
Unarmed Combat | |  3.0

Action                     |  1- 3 |  4- 6 |  7- 9 || total
---------------------------+-------+-------+-------++-------
  Melee: Unarmed           |    31 |       |       ||    31
         Constrict         |    13 |    24 |     5 ||    42
         Tentacles         |     7 |    17 |     6 ||    30
         Punch             |     1 |       |       ||     1
         Whip              |    27 |    81 |    32 ||   140
   Stab: Sleeping          |    11 |     4 |     5 ||    20
         Distracted        |       |     1 |       ||     1
 Armour: Skin              |    16 |    35 |    21 ||    72
  Dodge: Dodged            |    25 |    42 |    24 ||    91
  Block: Other             |       |     2 |     9 ||    11

Table legend: (Time is in decaauts)
 A = Elapsed time spent in this place.
 B = Non-inter-level travel time spent in this place.
 C = Inter-level travel time spent in this place.
 D = Time resting spent in this place.
 E = Time spent auto-exploring this place.
 F = Levels seen in this place.
 G = Mean time per level.
                   A        B        C        D        E       F      G
               +--------+--------+--------+--------+--------+-----+--------+
         Total |   3061 |   2940 |    121 |      0 |   2114 |   4 |  765.2 |
       Dungeon |   3061 |   2940 |    121 |      0 |   2114 |   4 |  765.2 |
               +--------+--------+--------+--------+--------+-----+--------+

Top non-repeatable levels by time:
     D:1: 1087 daAuts
     D:2: 902 daAuts
     D:3: 625 daAuts
     D:4: 446 daAuts
